 Dungeon Crawl Stone Soup version 0.01-2087-gb5e28fc70b (webtiles) character file.

Game seed: 4393002703210487615, levelgen mode: deterministic

2 Lanoc the Skirmisher (level 1, -2/12 HPs) Lignifite Noble. Began on May 28, 2020. Slain by a leopard gecko (4 damage) ... on level 1 of the Dungeon. The game lasted 00:03:12 (263 turns).

Lanoc the Skirmisher (Lignifite Noble)               Turns: 263, Time: 00:03:12

Health: -2/12      AC:  5    Str: 21    XL:     1 ^: 9
Magic:  2/2        EV: 14    Int: 11    God:
Gold:   9          SH:  1    Dex:  5    Spells: 0/0 levels left

rFire    x . .     Vision   .   (weapon restricted)
rCold    . . .     Gourm    .   (weapon restricted)
rNeg     + . .     Faith    .   c - +0 pearl dragon scales
rPois    +         Spirit   .   (helmet restricted)
rElec    .         Reflect  .   (no cloak)
rCorr    .         Harm     .   (gloves unavailable)
MR       .....                  (boots unavailable)
Stlth    ..........             (no amulet)
HPRegen  0.14/turn              (no ring)
MPRegen  0.12/turn              (no ring)

@: quick
A: very small, rF-, deformed body, speed 1, poison resistance, slow metabolism
1, torment resistance, plant, rot immunity
a: no special abilities


You were on level 1 of the Dungeon.
You were not hungry.

You visited 1 branch of the dungeon, and saw 1 of its levels.
You also visited: Market.

You collected 9 gold pieces.
You spent 1000 gold pieces at shops.

Inventory:

Armour
 c - +0 pearl dragon scales (worn)
Potions
 a - a potion of ambrosia
Comestibles
 b - a ration


   Skills:
 + Level 1.1 Fighting
 + Level 0.2 Armour
 - Level 0.8 Stealth


You couldn't memorise any spells.
You didn't know any spells.
Your spell library was empty.

Dungeon Overview and Level Annotations

Branches:
Dungeon (1/8)

Altars:


Innate Abilities, Weirdness & Mutations

Your woody flesh burns easily. (rF-)
A tangle of shorter branches protects your body from attack. (+1 SH)
You are very small and have problems with some larger weapons.
You are too small for most types of armour.
Armour fits poorly on your strangely shaped body.
You cover ground quickly.
Your system is resistant to poisons. (rPois)
You have a slow metabolism.
You are immune to unholy pain and torment.
You require very little carbon dioxide to survive.
You are immune to rotting.


Message History

The leopard gecko misses you (0).
You closely miss the leopard gecko. You barely miss the leopard gecko.
You barely miss the leopard gecko. You closely miss the leopard gecko.
The leopard gecko bites you (4).
* * * LOW HITPOINT WARNING * * *
You closely miss the leopard gecko. x2
You barely miss the leopard gecko. x2; The leopard gecko misses you (0).
You closely miss the leopard gecko. x2
The leopard gecko closely misses you (0).
You closely miss the leopard gecko. x2
You closely miss the leopard gecko. You barely miss the leopard gecko.
You block the leopard gecko's attack.
You closely miss the leopard gecko. You barely miss the leopard gecko.
You barely miss the leopard gecko. x2
The leopard gecko barely misses you (0).
You closely miss the leopard gecko. x2; The leopard gecko misses you (0).
You closely miss the leopard gecko. x2
You barely miss the leopard gecko. You miss the leopard gecko.
The leopard gecko bites you (4).
You die...

#.# #.# #># #.#
#.##### #.....#
#####.# ##.##########
#.# #...l@......# #.#
#..########.#######.#
# #.........#
###########


You could see a leopard gecko.

Vanquished Creatures
  A hobgoblin (D:1)
  A rat (D:1)
2 creatures vanquished.

Notes
Turn   | Place    | Note
-------+----------+-------------------------------------------
     0 | Start Ma | Lanoc the Lignifite Noble began the quest for the Orb.
     0 | Start Ma | Reached XP level 1. HP: 12/12 MP: 2/2
     0 | Start Ma | Found Edwa's Mashing MeleeMart.
     0 | Start Ma | Found Lyoc Gio's Auxillary Armour.
    20 | Start Ma | Found Bugeoq's Expert Tomes.
    49 | Start Ma | Bought +0 pearl dragon scales for 1000 gold pieces
    68 | D:1      | Lanoc set off with the following items: a ration, +0 pearl
                  | dragon scales
   263 | D:1      | Slain by a leopard gecko

Levels and vault maps discovered:
D:1:      saegor_arrival_miasma, layout_loops_ring, minmay_small_reverse_x

Action                   || total
-------------------------++-------
Melee: Unarmed           ||   153
Armor: Pearl dragon scal ||     8
Dodge: Dodged            ||    31
Block: Other             ||     1
